 Dungeon Crawl Stone Soup version 0.28-b1-25-g9875b3fc8c (webtiles) character file.

Game seed: 9330358286110994330

70 mcbry74 the Poker (level 4, -2/33 HPs)
             Began as a Merfolk Gladiator on Feb 2, 2022.
             Was a Follower of Uskayaw.
             Slain by an ice beast (14 damage)
             ... on level 3 of the Dungeon.
             The game lasted 00:05:14 (2171 turns).

mcbry74 the Poker (Merfolk Gladiator)               Turns: 2171, Time: 00:05:14

Health: -2/33      AC:  7    Str: 14    XL:     4   Next: 21%
Magic:  4/4        EV: 13    Int: 15    God:    Uskayaw [*.....]
Gold:   75         SH:  0    Dex: 15    Spells: 3/3 levels left

rFire   . . .      SeeInvis .   a - +0 trident
rCold   . . .      Faith    .   (no shield)
rNeg    . . .      Spirit   .   b - +0 leather armour
rPois   .          Reflect  .   c - +0 helmet
rElec   .          Harm     .   (no cloak)
rCorr   .          Rampage  .   f - +2 pair of gloves {hurl}
Will    .....                   (no boots)
Stlth   +.........              (no amulet)
HPRegen 0.11/turn               p - +6 ring of intelligence
MPRegen 0.09/turn               (no ring)

@: weak-willed
A: (nimble swimmer 2), mertail
a: Renounce Religion, Stomp


You were on level 3 of the Dungeon.
You worshipped Uskayaw.
Uskayaw was noncommittal.
You visited 1 branch of the dungeon, and saw 3 of its levels.

You collected 75 gold pieces.

Inventory:

Hand Weapons
 a - a +0 trident (weapon)
Missiles
 d - 4 throwing nets
 e - 23 stones (quivered)
Armour
 b - a +0 leather armour (worn)
 c - a +0 helmet (worn)
 f - a +2 pair of gloves of hurling (worn)
Jewellery
 p - a +6 ring of intelligence (left hand)
Scrolls
 g - a scroll of blinking
 h - a scroll of vulnerability
 m - a scroll of fog {unknown}
 o - a scroll of brand weapon {unknown}
Potions
 i - a potion of heal wounds {unknown}
 j - a potion of haste {unknown}
 k - a potion of lignification {unknown}
 l - a potion of brilliance {unknown}
 n - a potion of ambrosia {unknown}


   Skills:
 - Level 2.1 Fighting
 + Level 5.9 Polearms
 + Level 3.3 Throwing
 - Level 4.0 Dodging


You had 3 spell levels left.
You didn't know any spells.
Your spell library was empty.

Dungeon Overview and Level Annotations

Branches:
Dungeon (3/15)

Altars:
Uskayaw

Shops:
D:2 [


Innate Abilities, Weirdness & Mutations

((You are very nimble when in or above water. (Stealth+, EV+, Speed+++)))
Your lower body shifts to a powerful aquatic tail in water.


Message History

Found a stone staircase leading down.
There is a stone staircase leading down here.
An ice beast is nearby!
Throw: 28 stones
Press: ? - help, Q - select action, (/) - cycle Shift-Dir - straight line, f - ice beast
Aim: an ice beast (wandering, hasn't noticed you, 65% to hit)
You throw a stone.
The stone hits the ice beast but does no damage.
Throw: 27 stones
Press: ? - help, Q - select action, (/) - cycle Shift-Dir - straight line, f/p - ice beast
Aim: an ice beast (65% to hit)
You throw a stone. The stone closely misses the ice beast.
Throw: 26 stones
Press: ? - help, Q - select action, (/) - cycle Shift-Dir - straight line, f/p - ice beast
Aim: an ice beast (65% to hit)
You throw a stone. The stone closely misses the ice beast.
Throw: 25 stones
Press: ? - help, Q - select action, (/) - cycle Shift-Dir - straight line, f/p - ice beast
Aim: an ice beast (65% to hit)
You throw a stone. The stone barely misses the ice beast.
Throw: 24 stones
Press: ? - help, Q - select action, (/) - cycle Shift-Dir - straight line, f/p - ice beast
Aim: an ice beast (65% to hit)
You throw a stone.
The stone hits the ice beast but does no damage.
As you read the scroll labelled EJEASA KAGUR, it crumbles to dust.
Magic quickly surges around you.
It was a scroll of vulnerability.
You hit the ice beast but do no damage. The ice beast hits you.
The ice beast freezes you!
You barely miss the ice beast. The ice beast barely misses you.
You barely miss the ice beast. The ice beast hits you.
The ice beast freezes you!
You hit the ice beast.
The ice beast is lightly wounded.
The ice beast hits you but does no damage.
There is a stone staircase leading down here.
The ice beast hits you but does no damage.
There is a stone staircase leading up here.
The ice beast hits you. The ice beast freezes you!
You die...

#.#######.# ###
#.##......#
...#.##.######
#.#.##.######.
#.............
###.##.######.
####.##.#
.######..Y.##.#
........@..##...
.#......<.....#
#.###.##.###.# #
#.##.# .# #.##.#
#..... ####.# .#


You could see an ice beast (weak-willed).

Vanquished Creatures
  3 adders (D:2)
  A dart slug (D:1)
  An endoplasm (D:2)
  9 goblins
  5 hobgoblins
  7 kobolds
  4 ball pythons
  4 bats
  4 frilled lizards
  3 rats
41 creatures vanquished.

Notes
Turn   | Place    | Note
-------+----------+-------------------------------------------
     0 | D:1      | mcbry74 the Merfolk Gladiator began the quest for the Orb.
     0 | D:1      | Reached XP level 1. HP: 16/16 MP: 1/1
   101 | D:1      | Noticed a shining eye
   119 | D:1      | Noticed a shining eye
   122 | D:1      | Found a faded altar of an unknown god.
   127 | D:1      | Noticed a great orb of eyes
   128 | D:1      | Noticed a floating eye
   156 | D:1      | Reached XP level 2. HP: 22/22 MP: 2/2
   169 | D:1      | Prayed at the altar of an unknown god.
   169 | D:1      | Became a worshipper of Uskayaw the Reveller
   169 | D:1      | Reached * piety under Uskayaw
   330 | D:1      | Reached ** piety under Uskayaw
   443 | D:1      | Reached skill level 5 in Polearms
   875 | D:1      | Reached XP level 3. HP: 19/27 MP: 3/3
  1232 | D:2      | Found Genanoic's Antique Armour Shop.
  1402 | D:2      | Reached XP level 4. HP: 32/33 MP: 4/4
  1927 | D:3      | Noticed an ice beast
  2171 | D:3      | Slain by an ice beast

Illustrated notes

Levels and vault maps discovered:
D:1:      elethiomel_arrival_shortcut, layout_loops_corners,
          hellmonk_ecumenical_altar_watching_god
D:2:      layout_basic, serial_shops, nicolae_shop_crystal,
          minmay_misc_feat_alley
D:3:      layout_loops_ring, nicolae_overflow_ecumenical_swirl, serial_shops,
          nicolae_shop_behind_doors

Skill      XL: |  1  2  3 |
---------------+----------+-----
Polearms       | 5 |  5.9
Throwing       | 3 |  3.3
Fighting       | |  2.1
Dodging        | |  4.0

Action                   |  1- 3 |  4- 6 || total
-------------------------+-------+-------++-------
Melee: Trident           |    85 |    27 ||   112
Throw: Stone             |    18 |    13 ||    31
       Throwing net      |     1 |       ||     1
  Use: Scroll            |     1 |     1 ||     2
 Stab: Sleeping          |     4 |       ||     4
Armor: Leather armour    |    12 |     7 ||    19
Dodge: Dodged            |    35 |    18 ||    53
